[Event "USA Girls Junior-ch TB 2022"]
[Site "Saint Louis"]
[Date "2022.07.19"]
[Round "1.1"]
[White "Yu, Jennifer"]
[Black "Morris-Suzuki, Sophie"]
[Result "1-0"]
[ECO "A34"]
[WhiteElo "2268"]
[BlackElo "2055"]
[Annotator "TA"]
[PlyCount "109"]
[EventDate "2022.07.07"]
[EventType "tourn"]
[EventCountry "USA"]
[SourceTitle "playchess.com"]
[Source "ChessBase"]
[SourceQuality "1"]
[TimeControl "180+2"]

1. c4 b6 2. Nc3 c5 3. e4 Bb7 4. Nf3 e6 5. d4 cxd4 6. Nxd4 a6 7. Be3 {[%emt 0:00:00] A34: Symmetrical English: 2 Nc3, lines with ...d5.} Qc7 8. Be2 Nf6 9. f3 {[%emt 0:00:00] White is slightly better.} Be7 10. Rc1 O-O 11. Qd2 d6 12. O-O Nbd7 13. b3 Rac8 14. Bf2 Qb8 15. Rfd1 Rfe8 16. Nc2 Bd8 (16... h6 $14) 17. Bg3 $16 (17. Qxd6 Bc7 18. Qd2 Bxh2+ 19. Kf1 Red8 $15) 17... Ne5 18. Qxd6 Bc7 19. Qd2 Nh5 20. f4 (20. Bf2 {with more complications.} f5 21. Qg5 Nf6 22. exf5 h6 23. Qh4) 20... Nxg3 21. hxg3 Ng6 22. Bf3 {[%emt 0:00:00] [#]} f6 $146 {[%emt 0:00:00] Against e5} (22... b5 $1 $11 {keeps the balance.}) ({Predecessor:} 22... Ne7 23. e5 Bxf3 24. gxf3 f6 25. exf6 gxf6 26. Ne4 Kf7 27. Qh2 Kg7 28. Nd4 {1-0 (28) Rojas,S (2002)-Hepler Ramirez,N (1759) Lima 2017}) 23. Qe2 b5 {[%emt 0:00:00] [#]} (23... Bd6 $16) 24. c5 $1 $18 (24. cxb5 Bb6+ 25. Ne3 Qa7 $11) 24... Ne7 25. b4 {[%emt 0:00:00] White is more active.} Nc6 26. a3 Rcd8 27. Qe3 e5 (27... Kf8 $16 28. Rxd8 Nxd8) 28. Nd5 exf4 29. gxf4 Ne7 30. Nxc7 Qxc7 31. Nd4 Ng6 32. Qb3+ Kh8 33. Ne6 Qf7 34. f5 ({Resist} 34. Rxd8 Rxd8 35. c6 Bc8 $18) 34... Nf4 $2 (34... Ne5 35. Qc3 (35. Rxd8 Rxd8 36. Rd1 Rd7 $16) 35... Rxd1+ 36. Rxd1 Bc8) 35. Rd6 ({Don't do} 35. Rxd8 Rxd8 36. c6 Bc8 $18) 35... Bxe4 (35... Bc8 $142 36. Nd4 (36. Rxd8 Rxd8 37. Nd4 Qxb3 $16) 36... Qc7 37. Rxd8 Rxd8) 36. Qe3 $2 (36. Rxd8 Rxd8 37. Qe3) 36... Rxd6 37. cxd6 $2 (37. Qxf4 $18 Bxf5 38. Nxg7) 37... Bxf5 $11 38. Qxf4 Qxe6 39. Rc7 {[%emt 0:00:02][%cal Oc7e7] Hoping for Re7!} Rd8 40. Re7 $40 {[%emt 0:00:04][%mdl 192] [#] Deflection. White has some attack.} Qc4 {[%emt 0:00:32][%mdl 8192] This costs Black the game.} 41. Qxf5 $18 Qc1+ 42. Kh2 Qh6+ 43. Qh3 (43. Kg3 $142 {White threatens d7 and mate.} Qd2 44. Qe6 Qg5+ 45. Bg4) 43... Qf4+ 44. Qg3 Qh6+ 45. Kg1 {[%emt 0:00:02] d7 would kill now.} Qc1+ 46. Re1 Qd2 47. Rd1 Qe3+ 48. Qf2 Qe6 49. Qe2 Qc8 50. Qe4 {[%emt 0:00:02][%cal Od6d7] aiming for d7!} f5 51. Qc6 Qe6 {[%emt 0:00:05] Against Re1} 52. d7 Qe3+ 53. Kf1 {[%emt 0:00:02] Intending Qc7 and mate.} g5 54. Qf6+ Kg8 55. Bd5+ {[%emt 0:00:02] Weighted Error Value: White=0.54/Black=0.49} 1-0

[Event "USA Girls Junior-ch TB 2022"]
[Site "Saint Louis"]
[Date "2022.07.19"]
[Round "3.1"]
[White "Morris-Suzuki, Sophie"]
[Black "Cervantes Landeiro, Thalia"]
[Result "1-0"]
[ECO "C52"]
[WhiteElo "2055"]
[BlackElo "2234"]
[Annotator "TA"]
[PlyCount "101"]
[EventDate "2022.07.07"]
[EventType "tourn"]
[EventCountry "USA"]
[SourceTitle "playchess.com"]
[Source "ChessBase"]
[SourceQuality "1"]
[TimeControl "180+2"]

1. e4 e5 2. Nf3 Nc6 3. Bc4 Bc5 4. b4 Bxb4 5. c3 Ba5 6. d4 d6 7. Qb3 Qd7 8. O-O $1 {[%emt 0:00:00][%mdl 4] now scores much better than the old 8.dxe5.} Bb6 {[%emt 0:00:00] C52: Evans Gambit Accepted: 5 c3 Ba5.} 9. Nbd2 Na5 10. Qc2 Nxc4 {[%emt 0:00:00] Black is slightly better.} 11. Nxc4 Ne7 (11... Qc6 $11 12. Nxb6 axb6) 12. a4 $14 Qc6 {[%emt 0:00:00] [#]} 13. Nfxe5 $146 {[%emt 0:00:00] White is more active.} ({Predecessor:} 13. Qe2 a6 14. d5 Qd7 15. Nxb6 cxb6 16. Nd2 Qc7 17. Nc4 Bd7 18. Ba3 Nc8 19. f4 {0-1 (39) Zhigalko,S (2572)-Kollars,D (2622) Chess.com INT 2021}) 13... dxe5 14. Nxe5 Qf6 {[%emt 0:00:00] White must now prevent ...c5.} 15. a5 Bxd4 16. cxd4 $16 Nc6 $2 (16... O-O $16 17. Ba3 (17. Qxc7 Nc6 $18) 17... Re8 18. Qxc7 Nc6) 17. Bb2 (17. Ba3 $18 {is the precise move to win.}) 17... O-O 18. Nf3 Qg6 (18... Nb4 $142 19. Qxc7 Nd3) 19. d5 $18 Nb4 20. Qc3 ({Don't do} 20. Qxc7 $6 Nd3 $16) 20... Na6 21. Rfe1 f6 22. Nd4 Bd7 23. Re3 Rae8 24. Rae1 Qf7 (24... Kh8 $142 25. f4 Qf7) 25. f4 (25. Ba3 $142) 25... Rc8 $2 (25... c5) 26. Nf3 Bg4 27. h3 Bxf3 28. Rxf3 Rfe8 29. Qd2 $2 (29. Rg3 $18 {and White stays clearly on top.}) 29... Nc5 (29... Rcd8 $16) 30. Qd4 b6 31. e5 (31. Rg3 $18) 31... Rcd8 32. e6 $36 {[%emt 0:00:00][%mdl 2048] White is really pushing.} Qg6 {[%emt 0:00:06] Loses the game.} (32... Nxe6 $16 33. Rxe6 (33. dxe6 Rxd4 34. exf7+ Kxf7 $16) 33... Qxe6 34. dxe6 Rxd4 35. Bxd4 Rxe6 36. axb6 axb6) 33. f5 Qh5 (33... Qh6 34. Ba3 Qg5) 34. Ref1 $2 (34. axb6 cxb6 35. d6) 34... Re7 (34... Nxe6 35. fxe6 Qxd5) 35. Rg3 {[%emt 0:00:00] [#] Intending Qxf6 and mate.} Rf8 36. Ba3 Qe2 37. Bxc5 bxc5 38. Qxc5 Rfe8 39. Qxa7 c6 40. Qe3 Qxe3+ 41. Rxe3 cxd5 {[%emt 0:00:02][%mdl 4096] Endgame KRR-KRR} 42. Rd3 g6 43. g4 h5 (43... Kf8 $142 44. Rxd5 h6) 44. Rxd5 hxg4 45. hxg4 {[%emt 0:00:02][%cal Bh3g4,Bg4f5][%mdl 32] And now Rfd1 would win.} gxf5 46. gxf5 {[%emt 0:00:02] aiming for Rfd1.} Rg7+ 47. Kf2 Rb8 48. Rfd1 {[%emt 0:00:11] White mates.} Rg5 49. Rd8+ Rxd8 50. Rxd8+ Kh7 51. e7 {[%emt 0:00:11] Weighted Error Value: White=0.37/Black=0.72} 1-0

[Event "USA Girls Junior-ch TB 2022"]
[Site "Saint Louis"]
[Date "2022.07.19"]
[Round "4.1"]
[White "Morris-Suzuki, Sophie"]
[Black "Yu, Jennifer"]
[Result "0-1"]
[ECO "D31"]
[WhiteElo "2055"]
[BlackElo "2268"]
[Annotator "TA"]
[PlyCount "80"]
[EventDate "2022.07.07"]
[EventType "tourn"]
[EventCountry "USA"]
[SourceTitle "playchess.com"]
[Source "ChessBase"]
[SourceQuality "1"]
[TimeControl "180+2"]

1. d4 d5 2. c4 e6 3. Nc3 a6 4. cxd5 exd5 5. Bf4 Nf6 6. e3 {[%emt 0:00:02] D31: Queen's Gambit Declined: Semi-Slav without ...Nf6 (+ Marshall Gambit and Noteboom) and Exchange Variation lines without ...Nf6.} Be6 7. Bd3 Bd6 8. Bg5 {[%emt 0:00:02] White is slightly better.} Nbd7 9. f4 h6 10. Bh4 {[%emt 0:00:02] f5 is the strong threat.} g5 11. fxg5 hxg5 12. Bxg5 Bxh2 {[%emt 0:00:13] aiming for ...Bg3+.} 13. Nf3 (13. Nce2 $5 Ke7 14. Nf3 $11) 13... Bg3+ 14. Kd2 Rg8 {[%emt 0:00:31] [#]} 15. Ne2 $146 ({Predecessor:} 15. Qb3 Qe7 16. Qxb7 Rb8 17. Qxa6 Rxb2+ 18. Kc1 Qb4 19. Nd1 Rxg2 20. a3 Qd6 21. Qc8+ Ke7 22. Qxg8 Qc6+ 23. Kb1 Qb6+ 24. Kc1 Qc6+ 25. Kb1 Qb6+ {½-½ (25) Palliser,R (2411)-Ris,R (2457) England 2019}) 15... Bd6 16. Nf4 (16. Bh7 $11 Rg7 17. Bd3) 16... Qe7 (16... Bg4 $17 {Threatens to win with ...Rxg5.} 17. Bxf6 Nxf6) 17. Nh5 (17. Qb3 $11) 17... Bg4 ({But not} 17... Bb4+ $6 18. Kc2 Bg4 19. Nxf6+ Nxf6 20. Qf1 $11) 18. Nxf6+ Nxf6 19. Qa4+ Bd7 20. Qb3 {[%emt 0:00:02] [#]} O-O-O {[%emt 0:00:06][%cal Og8g5] And now ...Rxg5! would win.} 21. Rh6 $2 {[%emt 0:00:07] White does not recover from this.} (21. Rag1 $17 {was called for.}) 21... Ne4+ $19 22. Bxe4 Qxe4 {[%emt 0:00:02] Really sharp!} 23. Qd3 $2 {[%emt 0:00:22] [#]} (23. Bxd8 Rxg2+ 24. Kc1 Ba4 25. Rh8 Bxb3 26. Bg5+ Kd7 27. Rd8+ Kc6 28. Rxd6+ cxd6 29. Ne1 Rc2+ 30. Kd1 Qg4+) (23. Rg1 Rde8 24. Kc1) 23... Rxg5 $1 24. Nxg5 (24. Rg1 Bb4+) 24... Qxg2+ (24... Bb4+ $142 25. Kc2 Ba4+ 26. b3 Qxg2+ 27. Kc1 Bb5 28. Rh2 Qxh2 29. Qf5+ Kb8 30. Qc2 Ba3+ 31. Kd1 Qg1+ 32. Kd2 Qf2+ 33. Kd1 Qf1+ 34. Kd2 Qe2+ 35. Kc3 Qxe3+ 36. Qd3 Qxd3#) 25. Qe2 Qxg5 (25... Bb4+ $142 26. Kd1 Bg4 27. Qxg4+ Qxg4+ 28. Kc1 Qxg5 29. a3 Qxh6 30. Kb1 Qh7+ 31. Ka2 {[#]} Qc2 $1 32. axb4 Rh8 33. Rg1 Rh2 34. Rg8+ Kd7 35. Rg2 Qa4+ 36. Kb1 Rh1+ 37. Rg1 Rxg1#) 26. Rh5 (26. Rah1 $142) 26... Qg6 27. Rhh1 Bb4+ 28. Kc1 Bg4 (28... Bf5 $142 29. b3 Bc3) 29. Qc2 Qe6 (29... Bf5 $142 30. e4 Qg5+ 31. Kb1 Bxe4 32. a3 Bxc2+ 33. Kxc2 Qd2+ 34. Kb3 Qd3+ 35. Ka2 Qc4+ 36. Kb1 Bd2 37. a4 Qxd4 38. Rh2 Re8 39. Rh1 Bb4 40. Rc1 Re2 41. Ra2 Qd2 42. Rh1 Re1+ 43. Rxe1 Qxe1+ 44. Kc2 Qe2+ 45. Kc1 Qd2+ 46. Kb1 Qd1#) 30. Qf2 {[%emt 0:00:00] Black is clearly winning.} Re8 (30... Bf5 $142 31. Rg1 Bg6) 31. a3 Bd6 32. Re1 f5 33. Kb1 f4 34. Ka2 fxe3 35. Qg2 e2 {[%emt 0:00:02] White must now prevent ...Bf4.} 36. Rac1 Qe4 37. Qh1 Qxh1 38. Rxh1 Bg3 39. Rhg1 e1=Q 40. Rcxe1 Rxe1 {[%emt 0:00:00] Weighted Error Value: White=1.70/Black=1.13} 0-1

[Event "USA Girls Junior-ch TB 2022"]
[Site "Saint Louis"]
[Date "2022.07.19"]
[Round "5.1"]
[White "Yu, Jennifer"]
[Black "Cervantes Landeiro, Thalia"]
[Result "1-0"]
[ECO "D28"]
[WhiteElo "2268"]
[BlackElo "2234"]
[Annotator "TA"]
[PlyCount "75"]
[EventDate "2022.07.07"]
[EventType "tourn"]
[EventCountry "USA"]
[SourceTitle "playchess.com"]
[Source "ChessBase"]
[SourceQuality "1"]
[TimeControl "180+2"]

1. d4 d5 2. c4 dxc4 3. Nf3 Nf6 4. e3 e6 5. Bxc4 c5 6. Nc3 Nc6 7. O-O a6 8. Qe2 b5 9. Bb3 ({Don't play} 9. Ne5 Bb7 10. Bb3 (10. Nxc6 Bxc6 11. Bd3 b4 $15) 10... Qb6 11. Nxc6 Qxc6 $15) 9... Be7 {[%emt 0:00:27] D28: Queen's Gambit Accepted: Classical main line: 7 Qe2 with early ...Nc6.} 10. Rd1 (10. dxc5 $5 O-O 11. e4 $14) 10... Qc7 11. d5 exd5 {[%emt 0:00:02] The position is equal.} 12. Nxd5 Nxd5 13. Bxd5 O-O 14. e4 Bb7 15. Be3 {[%emt 0:00:09] [#]} c4 $146 ({Predecessor:} 15... Nb4 16. Bxb7 Qxb7 17. a3 Nc6 18. Rd5 Rad8 19. Rad1 c4 20. Bg5 Bxg5 21. Nxg5 h6 {½-½ (53) Kim,S (2295)-Estrada Nieto,J (2263) Chess.com INT 2022}) 16. b3 c3 17. a3 Na5 18. Qc2 Rac8 19. Rd3 Bf6 20. Bd4 Bxd4 21. Nxd4 Rfd8 22. b4 {[%emt 0:00:16] White is more active.} (22. Rad1 $16) 22... Bxd5 (22... Nc4 $11) 23. exd5 $16 Nc4 24. Nc6 Rxd5 {[%emt 0:00:10][%mdl 8192] [#] Black cannot hold the game after this.} 25. Rxd5 $18 Qxc6 26. Rc5 Qd7 27. Rxc8+ Qxc8 28. Qxc3 {[%emt 0:00:30][%mdl 4096] Endgame KQR-KQN} h6 29. Re1 Qf5 30. h3 h5 31. Qg3 Qc2 (31... Kh7 $142 32. Qc3 Kh6) 32. Qf3 {[%emt 0:00:00] [#] Threatening mate with Re8+.} g6 (32... Qg6 $142 33. Qd5 Kh7) 33. Re8+ (33. Qf6 $142 {White wants to mate with Re8+.} Nd6 34. Qxd6) 33... Kg7 34. Re7 Qb1+ 35. Kh2 Qb2 (35... Qf5 $18 36. Qxf5 gxf5) 36. Qxf7+ {[%emt 0:00:02] White mates.} Kh6 37. Qf8+ Kg5 38. h4+ {[%emt 0:00:06] Weighted Error Value: White=0.29 (precise) /Black=0.56} 1-0

[Event "USA Girls Junior-ch TB 2022"]
[Site "Saint Louis"]
[Date "2022.07.19"]
[Round "6.1"]
[White "Cervantes Landeiro, Thalia"]
[Black "Morris-Suzuki, Sophie"]
[Result "1-0"]
[ECO "D37"]
[WhiteElo "2234"]
[BlackElo "2055"]
[Annotator "TA"]
[PlyCount "121"]
[EventDate "2022.07.07"]
[EventType "tourn"]
[EventCountry "USA"]
[SourceTitle "playchess.com"]
[Source "ChessBase"]
[SourceQuality "1"]
[TimeControl "180+2"]

1. d4 d5 2. c4 e6 3. Nc3 Nf6 4. Nf3 Be7 5. Bf4 O-O 6. e3 b6 7. Rc1 Bb7 8. cxd5 {[%emt 0:00:03] D37: Queen's Gambit Declined: 5 Bf4.} exd5 9. Be2 a6 {[%emt 0:00:02] Inhibits Nb5.} 10. O-O {[%emt 0:00:03] White is slightly better.} c5 11. Ne5 {[%emt 0:00:08] [#]} Nc6 $146 ({Predecessor:} 11... Nbd7 12. Nxd7 Qxd7 13. Na4 Qc6 14. dxc5 bxc5 15. Nxc5 Bxc5 16. b4 Rac8 17. bxc5 Ne4 18. Qd4 Nxc5 19. Bg4 f5 20. Bh5 g6 21. Bf3 Ne6 22. Rxc6 Nxd4 23. Bxd5+ {1-0 (23) Krutous,A (2271)-Snezhko,A ICCF email 2019}) 12. Nxc6 {[%emt 0:00:10] White is more active.} ({White should play} 12. dxc5 $16 bxc5 13. Bf3) 12... Bxc6 $11 13. dxc5 bxc5 14. Na4 Qa5 15. Nc3 Rad8 16. Bf3 Ba8 17. Qa4 Qb6 18. Qa3 Rc8 19. Rfd1 Rfd8 20. h3 h6 21. b3 (21. Be5 $14) 21... Qa7 (21... Qe6 $5 ) 22. Qb2 (22. Na4 $11) 22... d4 $17 23. exd4 Bxf3 24. gxf3 cxd4 (24... Nh5 $1 $17 25. Bh2 (25. Ne2 $2 Nxf4 26. Nxf4 Bg5 $19) 25... Bg5) 25. Ne4 Nd5 (25... Rxc1 $1 $17 26. Qxc1 Nxe4 27. fxe4 Qb6) 26. Rxc8 Rxc8 27. Be5 f5 (27... Nb4 $11) 28. Bxd4 ({Weaker is} 28. Rxd4 Nb4 29. Nc3 Qb7 $15) (28. Ng3 $1 $16) 28... Qb7 $15 29. Ng3 (29. Bxg7 $15 fxe4 30. Qe5) 29... Nf4 $1 $19 30. Ne2 $2 (30. Nxf5 {is a self mate.} Qxf3 $1 31. Ne3 Nxh3+ 32. Kh2 Nxf2 33. Nc4 Ng4+ 34. Kg1 Qxd1+ 35. Kg2 Rf8) (30. b4 Qxf3 31. Qb3+ Qxb3 32. axb3) 30... Nxh3+ $2 (30... Qxf3 $19 31. Nxf4 Qxd1+ 32. Kg2 Rc2) 31. Kg2 $11 Ng5 32. Ng1 Rd8 33. Qe2 {[%emt 0:00:02] Inhibits Ne6.} Qd7 (33... Kf7 $11) 34. Rd2 (34. Qxa6 $14 Qe6 35. Qe2) 34... Ne6 {[%emt 0:00:02] Strongly threatening ...Nf4+.} 35. Be3 {[%emt 0:00:02] Against Nf4+} Qc8 36. Rxd8+ (36. Rc2 {is more complex.} Qb7 37. Bxh6 Kf7 38. Bc1) 36... Bxd8 37. Qd3 f4 38. Bd2 Ng5 ({Better is} 38... Qc6 $14) 39. Qd5+ Kh8 40. Bxf4 Ne6 41. Be5 Bc7 {[%emt 0:00:02] [#]} (41... Bf6 $16 {is a better defense.}) 42. Bxc7 ({White has to play} 42. Qc6 $1 $18) 42... Nxc7 $18 {[%emt 0:00:02][%mdl 4096] Endgame KQN-KQN} 43. Qc4 Qd7 (43... Qb7 $142) 44. Ne2 $16 Ne6 (44... Qd6 $16 {might work better.} 45. Nf4 a5) 45. Qe4 $2 (45. Qxa6 $18 {And now Qc4 would win.} Qd5 46. Qc8+ Kh7 47. Qc2+ Kg8 48. a4) 45... Qe7 {[%emt 0:00:02] [#]} (45... Ng5 $16 46. Qg4 Qf7) 46. Ng3 (46. Qa8+ $1 $18 {and White stays clearly on top.} Kh7 47. Qxa6) 46... Qf6 47. Qf5 (47. b4 $16) 47... Qe7 (47... Nf4+ $11 {keeps the balance.} 48. Kh2 Qxf5 49. Nxf5 Kg8) 48. Qe5 ({White should try} 48. b4) 48... Qf7 49. Qb8+ Kh7 50. Qd6 Nf4+ 51. Kh2 Qe8 $2 52. Qxf4 $18 {[%emt 0:00:03] Intending Qe4+ and mate.} Qg6 53. Qe4 {[%emt 0:00:02] Threatening mate with Kh3.} Qxe4 54. fxe4 {[%emt 0:00:02] KN-K3P. White mates.} g5 55. e5 Kg6 56. Kg2 Kf7 57. Kf3 Ke6 58. Ke4 g4 59. Nh5 a5 60. a4 Ke7 61. Kf5 {[%emt 0:00:06] Both players deserved the win here.  Weighted Error Value: White=0.48/Black=0.51} 1-0